Map: Heavy Artillery LE

Players

qqq

  • Race: Zerg Zerg
  • Spawn Location: 7:00

Massa

  • Race: Terran Terran
  • League: Platinum
  • Spawn Location: 7:00

MoSch - Winner!

  • Race: Protoss Protoss
  • Spawn Location: 3:00

GoldenEagle - Winner!

  • Race: Terran Terran
  • Spawn Location: 1:00

VOD

Have the link to the VOD?

Description

Time

  • Played on: Feb. 18, 2021, 3:17 p.m.
  • Length: 20:27
Show
View Real Time Build Order
Export as new Build Order

qqq Zerg 

Build Orders: Hatch First 

Get SALT Encoding   

  12  0:00  Drone  
  13  0:08  Drone  
  14  0:17  Overlord  
  14  0:46  Hatchery  
  13  0:51  Drone  
  13  0:52  Drone  
  13  0:56  Drone  
  16  1:21  Spawning Pool  
  15  1:28  Extractor, Drone x2  
  15  1:32  Drone  
  17  1:40  Drone  
  18  1:50  Drone  
  19  2:14  Drone x2  
  21  2:17  Drone x2  
  21  2:19  Queen  
  27  2:31  Lair  
  25  2:37  Extractor  
  25  2:38  Drone x2  
  25  2:40  Drone  
  25  2:43  Drone  
  28  2:50  Overlord  
  28  3:08  Queen, Metabolic Boost  
  28  3:09  Drone x3  
  28  3:10  Drone  
  28  3:12  Drone  
  35  3:15  Overlord  
  35  3:30  Infestation Pit  
  33  3:37  Evolution Chamber  
  33  3:39  Evolution Chamber  
  31  3:42  Overlord x2  
  31  3:44  Drone x3  
  34  3:50  Overseer  
  34  3:53  Pneumatized Carapace  
  34  3:55  Drone  
  35  3:59  Drone  
  35  4:00  Drone  
  38  4:14  Spire  
  37  4:22  Drone x2  
  39  4:24  Hatchery, Drone  
  39  4:26  Drone  
  39  4:29  Extractor  
  39  4:30  Extractor, Drone  
  39  4:36  Drone x2  
  39  4:37  Drone  
  42  4:56  Drone  
  41  5:03  Spore Crawler  
  37  5:08  Hatchery  
  37  5:14  Drone x2  
  37  5:16  Drone x4  
  37  5:17  Drone  
  37  5:18  Drone  
  44  5:22  Spore Crawler  
  44  5:27  Drone x2  
  45  5:29  Drone  
  45  5:33  Mutalisk  
  48  5:37  Mutalisk  
  50  5:44  Drone x2  
  50  5:45  Drone  
  53  5:53  Mutalisk  
  53  5:54  Corruptor  
  57  5:58  Drone  
  58  6:04  Overlord x2  
  58  6:05  Overlord  
  58  6:12  Zerg Flyer Weapons Level 1  
  58  6:15  Drone, Infestation Pit  
  58  6:32  Drone  
  59  6:33  Drone x5, Corruptor  
  59  6:34  Corruptor  
  59  6:36  Corruptor  
  59  6:39  Drone  
  72  6:40  Drone  
  72  6:41  Drone  
  73  6:53  Drone x3  
  76  6:54  Corruptor  
  76  7:00  Extractor  
  77  7:01  Extractor, Hive  
  77  7:02  Spore Crawler  
  77  7:03  Corruptor  
  77  7:05  Drone  
  77  7:07  Drone  
  79  7:08  Extractor  
  79  7:10  Extractor  
  79  7:14  Corruptor  
  79  7:15  Corruptor  
  79  7:22  Corruptor x2  
  81  7:24  Drone  
  86  7:33  Corruptor  
  86  7:42  Overlord x5  
  80  8:05  Corruptor x4  
  82  8:07  Drone x6  
  94  8:17  Corruptor  
  94  8:18  Corruptor  
  96  8:28  Zergling x4  
  98  8:43  Drone x4  
  98  8:44  Drone x2  
  98  8:46  Overlord x3  
  104  8:56  Viper x2  
  104  8:58  Drone x2  
  112  9:05  Drone x2  
  112  9:07  Queen  
  112  9:09  Mutalisk x2  
  118  9:14  Overlord  
  118  9:15  Corruptor  
  123  9:17  Drone x2  
  122  9:36  Drone  
  122  9:37  Drone, Mutalisk x3  
  122  9:38  Mutalisk  
  130  9:43  Queen  
  132  9:46  Mutalisk x2  
  132  9:47  Drone x2  
  132  9:49  Zerg Flyer Armor Level 1  
  136  10:12  Drone x5  
  136  10:13  Drone  
  142  10:26  Drone  
  142  10:27  Drone, Corruptor x2  
  142  10:28  Mutalisk x2  
  148  10:29  Overlord x3  
  148  10:30  Overlord x2  
  152  10:45  Spore Crawler  
  152  10:47  Spore Crawler  
  152  10:49  Drone x2, Spine Crawler  
  151  10:50  Spine Crawler, Spire  
  149  11:15  Drone x2  
  149  11:16  Drone, Corruptor x7  
  149  11:17  Corruptor x2  
  168  11:41  Viper x4  
  168  11:42  Zergling x6  
  168  11:43  Zergling x4  
  168  11:45  Drone x2  
  133  12:24  Corruptor x3  
  133  12:25  Corruptor x2  
  133  12:26  Zergling x8  
  133  12:28  Drone x3  
  150  12:34  Zerg Flyer Weapons Level 2  
  150  12:40  Zerg Flyer Armor Level 2, Viper x3  
  150  12:42  Overlord x4  
  159  12:47  Hatchery  
  158  13:21  Corruptor x5  
  158  13:22  Corruptor x4  
  176  13:38  Hatchery  
  175  13:44  Overseer x2  
  175  13:45  Overseer x8  
  163  14:37  Viper x5  
  178  14:48  Drone x3  
  165  15:14  Viper x4  
  159  15:19  Extractor  
  159  15:20  Extractor  
  169  15:25  Zerg Flyer Weapons Level 3  
  167  15:47  Extractor x2  
  157  15:58  Greater Spire  
  157  16:03  Corruptor x4  
  117  16:28  Drone x3  
  100  16:51  Corruptor x5  
  100  16:52  Corruptor  
  100  16:53  Drone x2  
  108  17:08  Corruptor x2  
  84  17:21  Corruptor x2  
  68  17:23  Drone x3  
  71  17:32  Drone  
  71  17:33  Drone x2  
  71  17:36  Corruptor  
  76  17:37  Overlord  
  76  17:38  Zergling x2, Overlord  
  78  17:44  Drone x2  
  78  17:47  Corruptor  
  78  17:49  Corruptor  
  83  17:54  Drone  
  84  18:11  Corruptor x2  
  84  18:12  Corruptor  
  84  18:13  Hatchery  
  84  18:18  Corruptor  
  75  18:28  Corruptor  
  75  18:32  Corruptor  
  76  18:39  Drone x2  
  76  18:40  Drone x4  
  60  18:47  Spore Crawler  
  52  18:49  Spore Crawler  
  52  18:50  Spore Crawler x3  
  52  18:51  Spore Crawler  
  52  18:54  Spore Crawler  
  31  18:57  Spire  
  20  19:14  Zergling x6  
  23  19:22  Zergling x6  
  26  19:27  Drone  
  26  19:28  Drone  
  28  19:39  Spawning Pool  
  24  19:53  Drone x4  
  28  20:07  Hatchery  
  28  20:13  Drone x2  
Show
View Real Time Build Order
Export as new Build Order

Massa Terran 

Build Orders:  

Get SALT Encoding   

  12  0:00  SCV  
  13  0:12  SCV  
  14  0:21  Supply Depot  
  14  0:25  SCV  
  15  0:40  Refinery  
  15  0:42  SCV  
  16  0:45  Barracks  
  16  0:57  SCV  
  17  1:09  SCV  
  18  1:22  SCV  
  19  1:33  Barracks Reactor  
  19  1:34  SCV  
  20  1:40  Command Center  
  20  1:48  Orbital Command  
  20  1:55  Refinery  
  20  2:11  Marine x2  
  22  2:15  Supply Depot  
  22  2:17  SCV  
  23  2:30  Factory  
  23  2:37  SCV, Marine x2  
  26  2:54  Marine x2  
  26  2:57  Orbital Command  
  28  3:04  SCV  
  29  3:12  Marine x2  
  29  3:17  Hellion  
  33  3:21  SCV  
  33  3:23  Supply Depot  
  33  3:25  SCV  
  35  3:33  Starport, SCV  
  36  3:45  SCV  
  37  3:51  SCV  
  37  3:53  Factory Tech Lab  
  38  3:56  Engineering Bay  
  38  3:57  SCV  
  39  4:04  SCV, Marine, Supply Depot  
  39  4:05  Refinery, Marine  
  39  4:09  SCV, Starport Tech Lab  
  43  4:12  Barracks  
  43  4:16  SCV  
  44  4:18  Siege Tank  
  44  4:21  SCV  
  48  4:26  Barracks  
  48  4:31  Raven  
  48  4:34  SCV x2  
  52  4:41  Terran Infantry Weapons Level 1  
  52  4:44  Missile Turret  
  52  4:46  SCV x2  
  52  4:52  Missile Turret  
  54  4:57  Siege Tank  
  54  4:58  SCV x2, Marine x2  
  61  5:01  Barracks Tech Lab  
  61  5:11  Supply Depot  
  61  5:15  Barracks Tech Lab  
  61  5:16  Supply Depot  
  61  5:22  Armory  
  61  5:28  Missile Turret  
  61  5:29  SCV  
  61  5:32  SCV, Raven  
  61  5:35  Supply Depot  
  65  5:40  Stimpack  
  65  5:41  SCV, Combat Shield  
  68  5:42  Marauder  
  68  5:44  Marine x2  
  68  5:45  SCV  
  69  5:54  Marine  
  69  6:01  Marine  
  69  6:02  Marine  
  69  6:03  Marine  
  72  6:11  Widow Mine  
  74  6:12  Marine  
  74  6:15  Refinery  
  74  6:17  SCV x2  
  77  6:19  Marine  
  77  6:22  Marauder  
  80  6:30  Terran Vehicle Weapons Level 1  
  79  6:34  Siege Tank  
  79  6:36  Terran Infantry Armor Level 1  
  79  6:38  Command Center  
  82  6:42  Marauder, Marine x2  
  86  6:48  Supply Depot  
  86  6:50  Supply Depot  
  86  6:54  Supply Depot  
  86  7:09  SCV x2, Marine x2, Medivac  
  86  7:10  Marauder  
  86  7:12  Marauder  
  96  7:22  SCV  
  97  7:27  Marine  
  84  7:53  Marauder x2, Marine  
  84  7:54  Marine  
  79  7:59  Raven  
  73  8:15  Marauder x2  
  67  8:29  Marine  
  59  8:34  Marine  
  59  8:35  Siege Tank  
  59  8:36  Marauder x2  
  67  8:42  Medivac  
  67  8:43  SCV x2  
  67  8:44  Barracks  
  67  8:45  Barracks, Planetary Fortress  
  67  8:47  Marine  
  72  8:52  Marine  
  72  8:55  SCV x2  
  75  8:58  Marauder x2  
  75  9:02  Terran Infantry Weapons Level 2  
  79  9:05  Terran Vehicle Weapons Level 2, Engineering Bay  
  79  9:07  SCV x2, Siege Tank  
  84  9:12  Medivac  
  84  9:13  Supply Depot  
  84  9:14  Supply Depot x2  
  86  9:19  SCV x2, Marauder  
  86  9:22  Marauder, Marine x2  
  94  9:37  Supply Depot  
  93  9:39  Marine  
  93  9:40  Marauder, Marine  
  93  9:43  Marauder  
  97  9:57  Marine  
  91  10:02  Marauder  
  91  10:04  Cyclone, Marauder  
  84  10:07  Barracks Reactor  
  84  10:08  Barracks Reactor  
  84  10:13  Raven  
  85  10:14  Marine  
  85  10:15  Marine  
  85  10:16  SCV x3  
  90  10:23  Marauder  
  90  10:26  Marauder  
  94  10:28  SCV  
  94  10:29  SCV x2, Command Center  
  94  10:32  Marine  
  94  10:33  Marine  
  99  10:40  Command Center  
  99  10:41  Terran Infantry Armor Level 2, SCV, Starport  
  100  10:44  Marauder  
  100  10:45  Marine x4  
  100  10:47  Marauder, Command Center  
  100  10:49  Siege Tank  
  111  10:50  Marine  
  111  10:51  Marine  
  113  10:58  Refinery  
  113  10:59  Refinery  
  113  11:02  SCV x3  
  113  11:03  Marine  
  117  11:06  Marauder  
  119  11:14  SCV x3  
  122  11:21  Missile Turret, Siege Tank  
  122  11:22  Missile Turret  
  122  11:23  Raven, Corvid Reactor, Missile Turret  
  122  11:24  Missile Turret  
  127  11:26  SCV  
  128  11:37  Marine  
  128  11:38  Marauder x2, Marine x5  
  138  11:49  Planetary Fortress  
  138  11:53  Siege Tank  
  141  11:55  Marine  
  141  11:59  Marauder  
  144  12:13  Marauder  
  144  12:14  Marine x3  
  149  12:17  Starport Reactor  
  149  12:20  Marauder  
  151  12:25  Siege Tank  
  151  12:26  SCV x2  
  151  12:27  SCV x4  
  160  12:35  Marauder  
  162  12:37  Terran Vehicle Weapons Level 3  
  162  12:38  SCV x2  
  162  12:39  SCV x3  
  162  12:42  Marauder  
  169  12:52  Refinery  
  169  12:53  Planetary Fortress  
  169  12:54  Planetary Fortress  
  169  12:56  Refinery, Marauder  
  169  12:57  Siege Tank  
  172  12:58  Marine x2  
  172  12:59  Marine x3  
  172  13:03  Marauder  
  179  13:18  Marauder  
  181  13:30  Siege Tank  
  184  13:52  Raven  
  186  14:08  Supply Depot  
  186  14:09  Supply Depot  
  186  14:11  Supply Depot x3  
  186  14:30  SCV x3, Marauder, Marine, Medivac x2  
  186  14:31  Marauder  
  198  14:35  Raven  
  198  14:37  Supply Depot x2  
  200  14:38  Supply Depot  
  197  15:00  Medivac  
  197  15:11  Marine x4  
  200  15:39  Marine x4  
  200  15:40  Marine x4  
  178  15:57  Marine x3  
  178  16:03  Siege Tank  
  128  16:48  Marauder  
  108  16:58  Barracks x2  
  108  17:01  Barracks, Factory  
  106  17:02  Barracks  
  106  17:03  Barracks  
  106  17:04  Factory  
  106  17:05  Barracks  
  106  17:10  Marauder  
  106  17:13  Barracks  
  106  17:15  Barracks  
  106  17:17  Barracks  
  104  17:25  Missile Turret  
  104  17:26  Missile Turret  
  104  17:28  Missile Turret  
  104  17:29  Missile Turret x2  
  94  17:31  Marauder, Missile Turret  
  73  17:45  Factory Tech Lab  
  73  17:47  Factory Tech Lab  
  73  17:48  Marine  
  73  17:49  Marine x3  
  77  17:52  Marine  
  59  18:06  Marine x4  
  59  18:09  Engineering Bay  
  59  18:10  Armory, Marine  
  59  18:11  SCV x5, Engineering Bay  
  69  18:14  Marine x5  
  69  18:18  Siege Tank x2  
  79  18:23  SCV x2  
  79  18:24  Marine x4  
  85  18:27  Marine  
  85  18:29  Supply Depot  
  85  18:30  Supply Depot x2  
  85  18:32  Marine x5  
  91  18:35  Starport  
  91  18:37  SCV x3  
  91  18:38  SCV x2  
  96  18:41  Marine  
  96  18:42  Marine x3  
  101  18:49  Marine  
  101  18:50  Marine x4, Siege Tank x2  
  101  18:53  Supply Depot  
  101  18:54  Supply Depot  
  112  18:56  Supply Depot  
  112  18:59  Marine  
  112  19:00  Marine x3  
  115  19:07  Marine  
  115  19:08  Marine x4  
  119  19:17  Marine  
  119  19:18  Marine x3  
  123  19:25  Marine  
  123  19:26  Marine x3  
  123  19:30  Marine  
  128  19:35  Marine x4  
  132  19:40  Starport Tech Lab  
  132  19:43  Marine x4  
  136  19:47  Refinery  
  136  19:48  Refinery, Marine  
  136  19:52  Engineering Bay  
  137  19:53  Marine x2  
  137  19:55  Engineering Bay  
Show
View Real Time Build Order
Export as new Build Order

MoSch Protoss - Winner!

Build Orders: Oracle Opening, Carriers 

Get SALT Encoding   

  12  0:01  Probe  
  13  0:13  Probe  
  14  0:18  Pylon  
  14  0:25  Probe  
  15  0:37  Probe (Chrono Boost)  
  16  0:44  Gateway  
  16  0:48  Probe (Chrono Boost)  
  17  0:52  Probe (Chrono Boost)  
  17  0:56  Assimilator  
  18  1:04  Probe (Chrono Boost)  
  19  1:15  Probe (Chrono Boost)  
  20  1:19  Probe (Chrono Boost)  
  21  1:30  Probe, Pylon  
  22  1:34  Cybernetics Core  
  22  1:42  Probe  
  23  1:54  Probe, Nexus  
  24  2:13  Probe  
  25  2:17  Stalker, Warp Gate  
  25  2:18  Assimilator  
  27  2:33  Probe  
  27  2:45  Probe  
  28  2:52  Stargate  
  28  2:55  Forge  
  28  2:58  Probe (Chrono Boost), Pylon  
  29  3:03  Assimilator  
  29  3:06  Probe (Chrono Boost)  
  31  3:15  Probe (Chrono Boost)  
  31  3:16  Probe (Chrono Boost)  
  32  3:23  Probe (Chrono Boost)  
  32  3:27  Probe (Chrono Boost), Protoss Shields Level 1 (Chrono Boost)  
  34  3:31  Probe (Chrono Boost)  
  36  3:35  Probe (Chrono Boost)  
  36  3:37  Probe  
  36  3:41  Oracle  
  40  3:46  Probe  
  41  3:50  Probe  
  42  3:56  Assimilator  
  42  3:58  Probe  
  43  4:02  Probe  
  43  4:05  Stalker  
  46  4:11  Pylon  
  46  4:13  Probe  
  47  4:18  Nexus  
  47  4:23  Protoss Air Weapons Level 1 (Chrono Boost)  
  47  4:24  Probe  
  48  4:27  Probe  
  49  4:45  Shield Battery  
  49  4:47  Void Ray (Chrono Boost)  
  49  4:49  Photon Cannon x2  
  49  4:50  Probe x2, Pylon  
  55  5:09  Probe  
  56  5:15  Stargate  
  56  5:17  Pylon  
  56  5:19  Fleet Beacon  
  57  5:21  Probe (Chrono Boost)  
  57  5:30  Probe (Chrono Boost)  
  57  5:33  Phoenix  
  60  5:40  Probe (Chrono Boost)  
  61  5:42  Pylon  
  61  5:45  Probe x2  
  63  5:58  Probe (Chrono Boost)  
  63  6:01  Assimilator  
  63  6:03  Probe x2 (Chrono Boost)  
  66  6:06  Phoenix (Chrono Boost)  
  66  6:07  Probe (Chrono Boost)  
  66  6:11  Probe (Chrono Boost)  
  72  6:13  Phoenix (Chrono Boost)  
  72  6:14  Twilight Council  
  72  6:15  Cybernetics Core  
  72  6:23  Phoenix (Chrono Boost)  
  74  6:30  Probe  
  74  6:33  Pylon, Protoss Air Weapons Level 2  
  74  6:34  Phoenix (Chrono Boost)  
  74  6:38  Pylon  
  74  6:42  Probe  
  75  6:48  Protoss Shields Level 2 (Chrono Boost)  
  75  6:49  Phoenix (Chrono Boost)  
  77  6:55  Probe (Chrono Boost)  
  77  7:00  Probe x2 (Chrono Boost), Assimilator  
  77  7:01  Phoenix (Chrono Boost)  
  82  7:04  Probe (Chrono Boost)  
  82  7:05  Photon Cannon  
  82  7:07  Probe (Chrono Boost)  
  82  7:08  Probe (Chrono Boost)  
  85  7:09  Probe (Chrono Boost)  
  85  7:10  Shield Battery  
  85  7:13  Photon Cannon  
  85  7:14  Pylon  
  82  7:44  Carrier x2 (Chrono Boost)  
  78  7:45  Zealot  
  90  8:11  Stargate  
  90  8:18  Pylon  
  69  8:34  Zealot  
  69  8:35  Carrier (Chrono Boost)  
  69  8:37  Void Ray (Chrono Boost)  
  81  8:45  Pylon  
  81  8:47  Void Ray (Chrono Boost)  
  81  8:51  Probe  
  86  9:03  Probe  
  86  9:05  Shield Battery  
  86  9:07  Void Ray (Chrono Boost)  
  86  9:08  Photon Cannon x2  
  91  9:10  Pylon  
  91  9:13  Shield Battery  
  91  9:14  Pylon  
  91  9:17  Void Ray  
  95  9:32  Protoss Air Armor Level 1  
  95  9:39  Protoss Air Weapons Level 3  
  91  10:00  Carrier x3 (Chrono Boost)  
  109  10:17  Protoss Shields Level 3 (Chrono Boost)  
  108  10:37  Probe  
  109  10:49  Probe  
  110  10:51  Void Ray  
  114  11:10  Carrier x2  
  126  11:30  Mothership (Chrono Boost)  
  126  11:31  Pylon  
  128  11:38  Nexus  
  116  11:40  Pylon  
  116  11:50  Carrier  
  103  12:19  Void Ray x2  
  91  12:38  Void Ray  
  91  12:40  Protoss Air Armor Level 2 (Chrono Boost)  
  89  12:46  Robotics Facility  
  89  12:49  Void Ray  
  89  12:53  Probe (Chrono Boost)  
  94  13:02  Probe (Chrono Boost)  
  94  13:03  Void Ray  
  99  13:07  Probe (Chrono Boost), Stargate  
  104  13:19  Probe  
  105  13:20  Nexus  
  105  13:22  Pylon  
  105  13:31  Probe  
  105  13:41  Void Ray (Chrono Boost)  
  105  13:44  Probe (Chrono Boost)  
  105  13:48  Assimilator  
  103  13:51  Void Ray x2 (Chrono Boost)  
  103  13:52  Assimilator  
  103  13:54  Probe (Chrono Boost)  
  122  13:59  Probe (Chrono Boost), Carrier (Chrono Boost)  
  123  14:10  Probe (Chrono Boost)  
  123  14:14  Shield Battery  
  123  14:16  Photon Cannon  
  123  14:18  Photon Cannon  
  123  14:19  Probe (Chrono Boost)  
  123  14:20  Photon Cannon  
  123  14:22  Shield Battery, Pylon  
  124  14:25  Probe  
  125  14:31  Void Ray x3  
  125  14:37  Probe  
  138  14:49  Probe  
  138  14:50  Void Ray  
  135  15:10  Void Ray x2  
  135  15:11  Void Ray  
  135  15:22  Probe (Chrono Boost)  
  136  15:31  Probe (Chrono Boost)  
  136  15:33  Carrier  
  136  15:35  Nexus  
  143  15:36  Probe (Chrono Boost), Pylon  
  144  15:48  Probe  
  144  15:49  Void Ray x3  
  157  15:57  Mothership  
  165  16:04  Shield Battery  
  165  16:05  Photon Cannon  
  165  16:06  Photon Cannon  
  165  16:08  Photon Cannon  
  165  16:10  Photon Cannon  
  165  16:11  Photon Cannon  
  165  16:12  Pylon  
  165  16:25  Nexus  
  165  16:41  Void Ray x2  
  165  16:42  Carrier  
  167  16:48  Carrier  
  164  17:18  Void Ray  
  152  17:24  Carrier  
  162  17:40  Void Ray  
  166  17:52  Carrier  
  166  17:55  Void Ray  
  176  18:08  Assimilator  
  170  18:17  Void Ray  
  166  18:36  Carrier  
  172  18:58  Probe  
  173  19:03  Assimilator  
  173  19:11  Probe  
  175  19:25  Probe (Chrono Boost)  
  175  19:30  Probe (Chrono Boost)  
  194  19:40  Probe (Chrono Boost)  
  195  20:05  Nexus  
  195  20:08  Pylon  
  195  20:12  Pylon  
Show
View Real Time Build Order
Export as new Build Order

GoldenEagle Terran - Winner!

Build Orders:  

Get SALT Encoding   

  12  0:00  SCV  
  13  0:12  SCV  
  14  0:18  Supply Depot  
  14  0:25  SCV  
  15  0:39  SCV  
  15  0:42  Barracks  
  16  0:52  SCV  
  16  0:53  Refinery  
  17  1:04  SCV  
  18  1:16  SCV  
  19  1:28  SCV  
  20  1:39  Command Center  
  20  1:42  Reaper  
  21  1:47  Orbital Command  
  21  1:56  Refinery  
  21  2:00  Barracks  
  21  2:25  SCV  
  22  2:32  Barracks Tech Lab  
  22  2:37  SCV  
  22  2:39  Factory  
  23  2:51  SCV  
  24  2:54  Orbital Command  
  24  2:55  Barracks Reactor  
  24  3:03  SCV, Supply Depot  
  25  3:15  SCV  
  26  3:20  Orbital Command  
  25  3:27  SCV  
  25  3:28  Stimpack  
  26  3:41  Factory Tech Lab  
  26  3:42  Marauder  
  26  3:43  Marine x2  
  30  3:50  Starport  
  30  3:55  Engineering Bay  
  30  3:59  Engineering Bay, Supply Depot  
  30  4:01  Marine  
  30  4:02  Siege Tank  
  34  4:04  Marauder  
  36  4:20  SCV x2  
  38  4:26  Terran Infantry Weapons Level 1  
  38  4:28  Terran Infantry Armor Level 1  
  38  4:32  SCV x2  
  38  4:35  Marine  
  38  4:36  Marine x2  
  43  4:41  Medivac  
  43  4:44  Refinery  
  43  4:45  Refinery  
  45  4:53  SCV, Marine  
  45  4:54  SCV  
  45  4:56  Marine x2  
  50  5:05  SCV  
  50  5:06  SCV  
  52  5:11  Medivac  
  54  5:18  Missile Turret  
  54  5:22  Missile Turret  
  54  5:31  Supply Depot  
  54  5:33  Supply Depot  
  54  5:53  SCV x2, Marauder, Marine x2, Medivac  
  54  5:55  Missile Turret  
  62  5:57  Missile Turret  
  62  6:05  SCV x2  
  62  6:10  Marine x2  
  66  6:14  Marauder  
  66  6:15  Missile Turret  
  66  6:17  SCV x2  
  70  6:19  Missile Turret  
  70  6:26  Command Center  
  70  6:37  Missile Turret  
  70  6:39  Missile Turret  
  70  6:56  Barracks  
  70  6:58  Barracks  
  70  7:03  Armory  
  70  7:06  Starport Reactor  
  70  7:13  Combat Shield  
  70  7:37  SCV, Marine x2  
  70  7:38  Marauder, Siege Tank  
  70  7:40  Orbital Command  
  70  7:43  Medivac x2  
  72  7:55  Marine x2  
  72  7:59  Marauder  
  72  8:03  Barracks Reactor x2  
  62  8:15  Medivac x2  
  58  8:35  SCV x2  
  58  8:47  SCV  
  58  8:59  Marine x4, Command Center  
  58  9:01  Marauder, Marine x2  
  58  9:02  Medivac x2  
  70  9:25  Terran Infantry Armor Level 2, Terran Infantry Weapons Level 2, Supply Depot  
  70  9:27  Supply Depot  
  70  9:32  Supply Depot  
  70  9:39  Command Center  
  70  9:49  Marine  
  71  9:54  Marauder, Marine x5  
  78  10:15  Marine x6  
  78  10:16  Marauder  
  78  10:17  Medivac x2  
  90  10:21  Orbital Command  
  90  10:27  Missile Turret x3  
  90  10:28  Missile Turret  
  90  10:29  Missile Turret  
  90  10:31  Missile Turret  
  90  10:32  Marine  
  90  10:33  Marine x2  
  93  10:44  Marine  
  93  10:49  Marine x2, Medivac x2  
  102  10:50  Marauder, Marine  
  105  11:11  Marauder  
  105  11:19  Medivac  
  107  11:26  Command Center  
  109  11:33  Marauder  
  107  12:56  Medivac x2  
  107  12:57  Terran Infantry Weapons Level 3, Terran Infantry Armor Level 3  
  111  12:58  Marine  
  111  12:59  Marine x6  
  118  13:13  Supply Depot  
  118  13:15  Supply Depot  
  118  13:16  Marine  
  118  13:17  Marine x6, Supply Depot  
  125  13:26  Medivac  
  122  13:34  Marine  
  122  13:35  Marine x6  
  122  13:36  Supply Depot  
  119  13:41  Supply Depot  
  119  13:52  Marine x4  
  123  14:06  Marauder, Marine x2  
  127  14:10  Marine x4  
  127  14:15  Orbital Command  
  131  14:24  Marine x2  
  126  14:27  Marauder  
  126  14:28  Marine x4  
  127  14:41  Marine  
  126  14:47  Marine x2  
  126  14:48  Marine x4  
  123  14:54  Medivac x2  
  123  14:59  Marine  
  125  15:05  Marine x4  
  129  15:34  Neosteel Armor, Hi-Sec Auto Tracking  
  129  15:43  Siege Tank  
  131  16:15  Siege Tank  
  95  16:47  Siege Tank  
  60  17:10  Command Center  
  60  17:15  Marine x5  
  61  17:16  Marine x2  
  67  17:33  Marine x4  
  71  17:38  Marine x3  
  74  17:51  Marine x4  
  75  17:55  Marine  
  75  17:56  Marine x2  
  81  18:08  Marine  
  81  18:09  Marine x3  
  85  18:13  Marine x2  
  85  18:14  Marine  
  85  18:18  Orbital Command  
  88  18:31  Marine x3  
  88  18:32  Marine x4  
  95  18:39  Orbital Command  
  95  19:10  Marine x6  
  95  19:11  Marine  
  96  19:27  Marine  
  96  19:29  Marine x6  
  103  19:31  Medivac x2  
  107  19:45  Marine  
  107  19:47  Marine x6  
  107  19:49  SCV  
  107  19:50  SCV x2  
  117  20:02  SCV x3  
  117  20:03  Marine  
  117  20:04  Marine  
  117  20:05  Marine x5  
  131  20:14  SCV x3  
  134  20:23  Refinery x3  
Tags
 
Add a new tag
Caveats
  • Supply blocks, unpowered buildings, or Contaminate may cause inaccurate times.
  • Supply counts are checked every 10 seconds.